 Dungeon Crawl Stone Soup version 0.31-a0-963-ga325b2283a (webtiles) character file.

Game seed: 12812177529769727058

644 Arzdou the Ruffian (level 7, -1/52 HPs)
             Began as a Demonspawn Shapeshifter on Oct 25, 2023.
             Was an Initiate of Gozag.
             Slain by a gnoll
             ... wielding a +0 spear
             ... led by a gnoll sergeant
              (5 damage)
             ... on level 5 of the Dungeon.
             The game lasted 00:07:05 (3837 turns).

Arzdou the Ruffian (Demonspawn Shapeshifter)        Turns: 3837, Time: 00:07:07

Health: -1/52      AC:  6    Str: 17    XL:     7   Next: 27%
Magic:  0/7        EV: 12    Int: 17    God:    Gozag
Gold:   146        SH:  0    Dex: 12    Spells: 6/6 levels left

rFire   . .          .
                       - Unarmed
rCold   + . .        (no shield)
rNeg    . . .        a - +0 animal skin
rPois   .            (helmet currently unavailable)
rElec   .            (cloak currently unavailable)
rCorr   .            (gloves currently unavailable)
SInv    .            (boots currently unavailable)
Will    .....        f - amulet of guardian spirit
Stlth   +            e - +6 ring of intelligence
HPRegen 0.28/turn    (no ring)
MPRegen 0.10/turn

%: guardian spirit
@: beast-form, gold aura
A: beast (slay +2), icy blue scales 3, demonic guardian 1
a: Begin Untransformation, Renounce Religion, Potion Petition, Call Merchant,
Bribe Branch


You were on level 5 of the Dungeon.
You worshipped Gozag.
Gozag was aware of your devotion.
You were a hulking beast.
You visited 1 branch of the dungeon, and saw 5 of its levels.

You collected 750 gold pieces.
You paid 604 gold pieces to Gozag.

Inventory:

Armour
 a - a +0 animal skin (worn)
 s - a +0 helmet
Jewellery
 e - a +6 ring of intelligence (left hand)
 f - an amulet of guardian spirit (around neck)
 u - a ring of ice
Talismans
 c - a beast talisman
 d - a flux talisman
Wands
 l - a wand of flame (25)
 q - a wand of mindburst (3)
Scrolls
 g - 3 scrolls of blinking {unknown}
 j - a scroll of silence {unknown}
 k - 3 scrolls of teleportation {unknown}
 m - 4 scrolls of identify {unknown}
 o - a scroll of enchant armour {unknown}
Potions
 b - 3 potions of might {unknown}
 h - 4 potions of curing {unknown}
 i - 2 potions of attraction {unknown}
 n - a potion of berserk rage {unknown}
 p - a potion of haste {unknown}
 r - a potion of lignification
 t - a potion of cancellation {unknown}
 v - a potion of heal wounds {unknown}


   Skills:
 - Level 3.0 Fighting
 - Level 3.2 Dodging
 + Level 6.0 Unarmed Combat
 - Level 3.7 Shapeshifting


You had 6 spell levels left.
You didn't know any spells.
Your spell library contained the following spells:

 Spells                   Type           Power      Damage    Failure   Level
 Sting                    Tmut/Pois      0%         1d3       24%         1
 Cigotuvi's Dreadful Rot  Necr/Pois/Air  0%         N/A       34%         2
 Poisonous Vapours        Pois/Air       0%         N/A       34%         2
 Dazzling Flash           Conj/Hex       0%         N/A       56%         3
 Ignite Poison            Fire/Tmut/Pois 0%         N/A       56%         3
 Volatile Blastmotes      Fire/Tloc      0%         2d10      56%         3
 Olgreb's Toxic Radiance  Pois           0%         N/A       93%         4
 Freezing Cloud           Conj/Ice/Air   0%         6-21      100%        5
 Starburst                Conj/Fire      0%         6d3       100%        6
 Maxwell's Capacitive Co  Air            0%         ∞         100%        8


Dungeon Overview and Level Annotations

Branches:
Dungeon (5/15)
 Temple: D:4-7

Altars:
Dithmenos
Gozag
Ru
Sif Muna

Annotations:
D:4 2 transporters, exclusion: 2 doors, MrCrawl's ghost, amateur DrFE
D:5 1 runed translucent door


Innate Abilities, Weirdness & Mutations

You are a hulking beast.
Your limbs bulge with bestial killing power. (Slay +2)
You are completely covered in icy blue scales. (AC +4, rC+)
A weak demonic guardian rushes to your aid.


Message History

The gnoll sergeant is moderately wounded.
The gnoll sergeant closely misses you.
You barely miss the gnoll sergeant.
The gnoll sergeant is moderately wounded.
Your white imp gestures at the gnoll sergeant.
The puff of frost hits the gnoll sergeant.
The gnoll sergeant hits you with a +0 trident!
The gnoll is distracted by your dazzling golden aura.
The gnoll shouts!
You hit the gnoll sergeant.
The gnoll sergeant is heavily wounded.
You barely miss the gnoll sergeant.
The gnoll sergeant is heavily wounded.
The gnoll is no longer distracted by gold.
The gnoll sergeant closely misses you.
Your white imp closely misses the gnoll sergeant.
You hit the gnoll sergeant.
The gnoll sergeant is severely wounded.
The gnoll sergeant hits you with a +0 trident.
The gnoll hits you from afar with a +0 halberd.
The gnoll hits you from afar with a +0 spear.
Your white imp hits the gnoll sergeant.
Your white imp freezes the gnoll sergeant.
You catch the helpless gnoll sergeant completely off-guard!
You hit the gnoll sergeant.
The gnoll sergeant is almost dead.
The gnoll sergeant hits you with a +0 trident!
* * * LOW HITPOINT WARNING * * *
The gnoll completely misses you.
The gnoll hits you from afar with a +0 spear.
* * * LOW HITPOINT WARNING * * *
Your white imp gestures at the gnoll sergeant.
The puff of frost hits the gnoll sergeant.
You hit the gnoll sergeant but do no damage.
The gnoll sergeant is almost dead.
The gnoll sergeant hits you with a +0 trident.
The gnoll completely misses you.
The gnoll hits you from afar with a +0 spear.
You die...
Your body crumbles into a pile of gold.

##.....##.......###..
###'###.........#...
#...............##.#
#................###
#................. #
###...............
##.......> #
##.#...... .#
#h###....< ..
####g5....... ..
#...gg....... ..
#............ ..
#........##... ..
#...#....# # ..
#####....# .. $.....#
#. ##.#.## #.


You could see a gnoll sergeant (ally target), 2 gnolls and a friendly white imp
(summoned).

Vanquished Creatures
  A phantom (D:5)
  2 scorpions
  2 jellies
  2 orc priests (D:3)
  2 hounds
  Jessica (D:2)
  2 iguanas
  2 orc wizards (D:3)
  A gnoll (D:5)
  4 adders
  A shadow imp (D:5)
  3 worms
  The ghost of Azuregosa the Sneak, a weakling OpDe (D:5)
  3 dart slugs (D:1)
  6 orcs (D:3)
  7 bats
  8 endoplasms
  A giant cockroach (D:2)
  4 goblins
  6 hobgoblins
  4 jackals (D:2)
  15 kobolds
  3 quokkas
  9 ball pythons
  4 rats
94 creatures vanquished.

Notes
Turn   | Place    | Note
-------+----------+-------------------------------------------
     0 | D:1      | Arzdou the Demonspawn Shapeshifter began the quest for the
                  | Orb.
     0 | D:1      | Reached XP level 1. HP: 15/15 MP: 1/1
    21 | D:1      | Found a faded altar of an unknown god.
   105 | D:1      | Gained mutation: You are partially covered in icy blue
                  | scales. (AC +2) [demonic ancestry]
   105 | D:1      | Reached XP level 2. HP: 21/21 MP: 0/2
   483 | D:1      | Reached skill level 3 in Unarmed Combat
   762 | D:1      | Prayed at the altar of an unknown god.
   762 | D:1      | Became a worshipper of Gozag Ym Sagoz the Greedy
   790 | D:2      | Gained mutation: You are mostly covered in icy blue scales.
                  | (AC +3) [demonic ancestry]
   790 | D:2      | Reached XP level 3. HP: 26/26 MP: 3/3
   924 | D:2      | Noticed Jessica
   933 | D:2      | Killed Jessica
  1129 | D:2      | Gained mutation: You are completely covered in icy blue
                  | scales. (AC +4, rC+) [demonic ancestry]
  1129 | D:2      | Reached XP level 4. HP: 33/33 MP: 4/4
  1768 | D:3      | Found a shimmering blue altar of Sif Muna.
  1822 | D:3      | Found a shadowy altar of Dithmenos.
  1865 | D:3      | Reached XP level 5. HP: 24/39 MP: 2/5
  2290 | D:3      | Reached XP level 6. HP: 47/47 MP: 6/6
  2445 | D:4      | Found a transporter.
  2446 | D:4      | Identified the +5 trident of Embarrassment {venom, rC+}
  2482 | D:4      | Found a transporter.
  2646 | D:4      | Reached skill level 4 in Unarmed Combat
  3164 | D:5      | Entered Level 5 of the Dungeon
  3187 | D:4      | Noticed MrCrawl's ghost (amateur DrFE)
  3230 | D:5      | Reached skill level 5 in Unarmed Combat
  3332 | D:5      | Found a sacrificial altar of Ru.
  3454 | D:5      | Gained mutation: A weak demonic guardian rushes to your
                  | aid. [demonic ancestry]
  3454 | D:5      | Reached XP level 7. HP: 46/52 MP: 7/7
  3651 | D:5      | Found a runed translucent door.
  3652 | D:5      | Noticed Azuregosa's ghost (weakling OpDe)
  3658 | D:5      | Reached skill level 6 in Unarmed Combat
  3675 | D:5      | Killed Azuregosa's ghost
  3680 | D:5      | Found a runed translucent door.
  3837 | D:5      | Slain by a gnoll

Illustrated notes

Levels and vault maps discovered:
D:1:      minmay_arrival_open_corners, layout_basic,
          shapermc_ecumenical_altar_mp_urbaneastern
D:2:      layout_loops_cross, minmay_goblin_kobold_house, uniq_jessica
D:3:      layout_rooms, mainiacjoe_overflow_24_doors,
          nicolae_dithmenos_shadow_blocks, uniq_crazy_yiuf_cottage, uniq_natasha
D:4:      layout_basic, gammafunk_ghost_gnarly_gnolls,
          kennysheep_generic_room_12
D:5:      layout_cave_pools, mainiacjoe_overflow_cross_hatched,
          amethyst_overflow_temple_binary, ebering_ghost_sewer_f,
          kennysheep_flooded_box, hangedman_decor_peaks_small

Skill      XL: |  1  2  3  4  5  6  7 |
---------------+----------------------+-----
Dodging        | 2 3 |  3.2
Unarmed Combat | 3 5 6 |  6.0
Shapeshifting  | 3 |  3.7
Fighting       | 2 3 |  3.0

Action                     |  1- 3 |  4- 6 |  7- 9 || total
---------------------------+-------+-------+-------++-------
  Melee: Unarmed           |   112 |   199 |    47 ||   358
         Punch             |     3 |     6 |     1 ||    10
 Invoke: Potion Petition   |       |     2 |       ||     2
    Use: Potion            |       |     2 |       ||     2
   Stab: Sleeping          |       |     1 |       ||     1
         Distracted        |       |       |     1 ||     1
 Armour: Animal skin       |    50 |   115 |    22 ||   187
         Skin              |       |    43 |       ||    43
  Dodge: Dodged            |    63 |    95 |    14 ||   172

Table legend: (Time is in decaauts)
 A = Elapsed time spent in this place.
 B = Non-inter-level travel time spent in this place.
 C = Inter-level travel time spent in this place.
 D = Time resting spent in this place.
 E = Time spent auto-exploring this place.
 F = Levels seen in this place.
 G = Mean time per level.
                   A        B        C        D        E       F      G
               +--------+--------+--------+--------+--------+-----+--------+
         Total |   3824 |   3617 |    207 |    206 |   2667 |   5 |  764.8 |
       Dungeon |   3824 |   3617 |    207 |    206 |   2667 |   5 |  764.8 |
               +--------+--------+--------+--------+--------+-----+--------+

Top non-repeatable levels by time:
     D:4: 893 daAuts
     D:2: 852 daAuts
     D:1: 781 daAuts
     D:3: 670 daAuts
     D:5: 627 daAuts
